AoeStats
← sebi201

Arena

507957158Analyzed
1v1 RM · 11d ago on Sep 20, 2026· 52m 31s· 2 players
Game mode
Random Map
Map size
Tiny (2 player)
Population
200
Speed
Normal
Resources
Standard
Victory
Conquest
Starting age
Dark Age
Ending age
Imperial Age
RankedLock teamsTeams togetherTeam positionsShared explorationLock speedFull tech treeHidden civsTurbo modeCheats
Victory
Defeat
🇪🇸 Poles · Spain
771
+18
🇨🇿 Persians · Czechia
817
-20
Patanco
12:15 Feudal Age
16:25 Castle Age
14:12 Loom
14:33 Double-Bit Axe
15:06 Stone Mining
15:14 Gold Mining
15:35 Stone Mining
17:19 Bow Saw
18:45 Squires
20:00 Horse Collar
21:31 Town Watch
22:20 Fervor
25:33 Wheelbarrow
30:49 Stone Shaft Mining
29:57 Pikeman
30:24 Arson
30:43 Scale Mail Armor
31:06 Forging
31:51 Treadmill Crane
32:33 Ballistics
32:09 Murder Holes
33:46 Iron Casting
33:27 Chain Mail Armor
34:21 Fortified Wall
35:41 Scale Barding Armor
35:27 Fletching
35:37 Padded Archer Armor
36:16 Scale Barding Armor
36:39 Bodkin Arrow
40:19 Imperial Age
38:06 Hand Cart
37:51 Town Patrol
38:22 Heavy Plow
41:03 Leather Archer Armor
41:09 Chain Barding Armor
41:15 Thumb Ring
40:30 Crossbowman
41:16 Bracer
42:19 Chemistry
41:25 Siege Engineers
41:56 Conscription
41:59 Lechitic Legacy
41:52 Bloodlines
41:43 Husbandry
41:03 Light Cavalry
42:57 Blast Furnace
41:56 Arbalester
43:34 Winged Hussar
44:09 Winged Hussar
45:56 Crop Rotation
49:16 Hoardings
sebi201
4:33 Loom
10:52 Feudal Age
12:28 Double-Bit Axe
12:53 Horse Collar
19:11 Castle Age
17:16 Gold Mining
23:33 Bow Saw
23:25 Heavy Plow
24:17 Scale Barding Armor
27:28 Husbandry
28:22 Stone Mining
29:48 Chain Barding Armor
29:29 Scale Mail Armor
34:25 Fletching
34:36 Padded Archer Armor
37:08 Imperial Age
35:28 Parthian Tactics
37:23 Thumb Ring
37:35 Leather Archer Armor
37:16 Bodkin Arrow
38:36 Elite Skirmisher
40:35 Heavy Cavalry Archer
41:48 Ring Archer Armor
41:29 Forging
44:46 Kamandaran
44:18 Sappers
45:07 Light Cavalry
45:58 Bloodlines
46:38 Gold Shaft Mining
46:39 Stone Shaft Mining
46:42 Iron Casting
46:23 Chain Mail Armor
46:48 Hussar
52:09 Plate Barding Armor
52:05 Plate Mail Armor
51:14 Pikeman
51:55 Squires
52:16 Halberdier
Connection lost

Rejoining the realm…

Still unreachable

The connection could not be restored.

Session expired

The server has moved on; the page needs a fresh start.